Map: Dusk Towers

Players

dTefel (Tefel)

  • Race: Zerg Zerg
  • League: Grandmaster

uThermal - Winner!

  • Race: Terran Terran
  • League: Grandmaster

Event: DreamHack ZOWIE Open Leipzig

VOD

Have the link to the VOD?

Description

Time

  • Played on: Jan. 22, 2016, 10:45 a.m.
  • Length: 7:45

All games in this series

Show
View Real Time Build Order
Export as new Build Order

dTefel Zerg 

Build Orders: 2 Base Muta, Pool First, Muta Ling Bane, Zergling Mutalisk 

Get SALT Encoding   

  12  0:00  Drone  
  13  0:08  Drone  
  14  0:17  Overlord  
  14  0:22  Extractor  
  14  0:23  Drone  
  15  0:35  Drone x2  
  17  0:45  Spawning Pool  
  17  0:47  Drone  
  17  1:08  Hatchery  
  17  1:10  Drone  
  17  1:14  Extractor  
  17  1:15  Drone  
  17  1:19  Drone  
  18  1:26  Drone  
  18  1:31  Queen  
  21  1:39  Overlord  
  21  1:48  Drone  
  22  1:59  Drone  
  23  2:07  Queen  
  25  2:12  Drone  
  26  2:20  Drone x2  
  28  2:29  Lair  
  28  2:35  Drone x2  
  30  2:40  Drone x3  
  30  2:43  Drone  
  30  2:44  Drone, Extractor x2  
  33  2:54  Overlord  
  33  2:56  Drone  
  34  3:02  Queen  
  36  3:10  Hatchery  
  36  3:12  Drone x2  
  37  3:16  Drone  
  37  3:19  Drone  
  39  3:20  Drone  
  39  3:22  Drone  
  41  3:38  Drone x2, Spire  
  41  3:39  Extractor  
  41  3:42  Drone  
  41  3:43  Drone  
  41  3:47  Drone  
  44  4:04  Spore Crawler  
  44  4:06  Overlord  
  44  4:07  Metabolic Boost  
  44  4:08  Overlord  
  44  4:12  Overlord  
  44  4:18  Overlord  
  44  4:25  Drone x3  
  44  4:26  Drone x3  
  50  4:48  Spore Crawler  
  50  4:49  Mutalisk x6  
  50  4:50  Drone x2  
  50  4:51  Drone  
  64  4:56  Drone x4  
  64  4:58  Drone  
  69  5:08  Drone x4  
  69  5:11  Drone  
  69  5:12  Overlord, Spore Crawler  
  73  5:18  Drone  
  74  5:26  Drone x2  
  74  5:27  Overlord  
  79  5:28  Drone x3, Extractor  
  79  5:34  Extractor  
  77  5:36  Drone x2  
  77  5:37  Overlord  
  79  5:43  Evolution Chamber  
  79  5:46  Zergling x4  
  80  5:51  Drone  
  80  5:52  Mutalisk x2  
  85  6:01  Zergling x4  
  85  6:02  Overlord  
  85  6:03  Zergling x4  
  89  6:04  Zergling x2  
  89  6:05  Baneling Nest  
  89  6:07  Zergling x4  
  89  6:12  Queen  
  89  6:14  Zergling x2  
  89  6:21  Zergling x6  
  89  6:22  Zergling x2  
  91  6:25  Zergling x4  
  91  6:26  Zergling x6  
  91  6:27  Zergling x2  
  91  6:30  Zergling x4  
  89  6:38  Zergling x2  
  79  6:41  Drone  
  80  6:48  Drone x6  
  86  6:55  Drone x2  
  86  6:56  Drone  
  89  7:05  Zergling x4  
  88  7:12  Mutalisk x3  
  88  7:14  Mutalisk  
  94  7:15  Baneling  
  94  7:16  Baneling  
  94  7:17  Zergling x2  
  94  7:18  Baneling x7  
  94  7:19  Baneling  
Show
View Real Time Build Order
Export as new Build Order

uThermal Terran - Winner!

Build Orders: Command Center First (CC), Hellion Opening, MMM Bio 

Get SALT Encoding   

  12  0:01  SCV  
  13  0:13  SCV  
  14  0:17  Supply Depot  
  14  0:25  SCV  
  15  0:39  SCV  
  16  0:51  SCV  
  17  0:59  Command Center  
  17  1:05  Refinery  
  17  1:08  SCV  
  18  1:19  Barracks  
  18  1:23  SCV  
  19  1:35  SCV  
  20  1:47  SCV  
  21  1:59  SCV  
  22  2:06  Marine  
  22  2:08  Factory  
  23  2:11  Orbital Command  
  23  2:12  Orbital Command  
  23  2:20  Supply Depot  
  23  2:26  Barracks Reactor  
  22  2:37  SCV  
  22  2:38  SCV  
  24  2:48  Barracks  
  24  2:49  SCV, Barracks  
  26  2:51  SCV  
  26  3:01  SCV  
  26  3:03  SCV  
  26  3:05  Hellion  
  30  3:06  Hellion  
  30  3:09  Refinery  
  32  3:13  SCV  
  32  3:14  Barracks Tech Lab  
  32  3:15  SCV  
  32  3:19  Supply Depot  
  34  3:26  SCV  
  35  3:27  SCV  
  35  3:28  Hellion  
  35  3:29  Hellion  
  40  3:38  Barracks Reactor x2  
  40  3:40  SCV x2  
  41  3:42  Stimpack  
  41  3:50  Hellion x2  
  41  3:53  SCV  
  46  3:58  Marine  
  47  4:04  Supply Depot  
  47  4:05  SCV  
  47  4:07  SCV  
  47  4:14  Starport  
  47  4:15  Marine x4  
  51  4:18  Refinery  
  51  4:20  Factory Tech Lab, Marine  
  52  4:25  Engineering Bay  
  52  4:26  SCV  
  52  4:28  SCV  
  54  4:33  Marine x2  
  54  4:35  Marine x2  
  54  4:37  Marine  
  59  4:38  SCV  
  59  4:40  SCV  
  59  4:41  Supply Depot  
  61  4:45  Supply Depot  
  61  4:50  Marine  
  62  4:55  Medivac x2, Marine  
  62  4:57  SCV  
  68  5:00  Terran Infantry Weapons Level 1, Marine  
  68  5:05  Missile Turret  
  69  5:09  Missile Turret  
  69  5:12  Marine  
  69  5:13  Marine  
  71  5:15  Missile Turret  
  71  5:16  SCV x2  
  73  5:25  Marine  
  73  5:27  Marine  
  73  5:28  SCV  
  74  5:29  SCV, Marine  
  74  5:33  Marine  
  75  5:36  Siege Tank  
  75  5:40  SCV, Medivac  
  81  5:43  Combat Shields  
  81  5:46  Marine x2  
  81  5:48  Medivac  
  81  5:49  Supply Depot  
  85  5:50  Marine  
  86  5:57  Marine  
  86  6:00  Marine  
  84  6:04  Marine  
  84  6:06  Marine  
  84  6:11  Siege Tank, Marine  
  89  6:13  Supply Depot  
  89  6:14  Supply Depot  
  89  6:17  Marine  
  91  6:19  Marine  
  91  6:22  Marine  
  91  6:23  Medivac  
  91  6:24  Marine  
  90  6:29  Marine  
  88  6:35  Marine  
  88  6:37  Marine  
  81  6:40  Marine  
  81  6:42  Marine  
  82  6:47  Marine  
  82  6:48  SCV x2  
  82  6:52  Marine  
  83  6:54  Marine  
  83  6:56  Refinery  
  83  6:57  Command Center  
  83  6:58  Marine  
  83  7:00  Marine  
  83  7:05  Barracks  
  83  7:06  SCV, Barracks  
  83  7:07  Marine  
  85  7:11  Marine  
  85  7:13  Marine  
  85  7:14  SCV  
  88  7:19  Marine  
  88  7:22  SCV  
  93  7:23  Marine  

Tags
 
Add a new tag
Caveats
  • Supply blocks, unpowered buildings, or Contaminate may cause inaccurate times.
  • Supply counts are checked every 10 seconds.